 Dungeon Crawl Stone Soup version 0.20.0-15-g7f486f2 (webtiles) character file.

343 Hasart the Chiller (level 6, -2/41 HPs)
             Began as a Demonspawn Ice Elementalist on June 14, 2017.
             Slain by a goblin
             ... wielding a +0 dagger
             ... led by Robin
              (4 damage)
             ... on level 2 of the Dungeon.
             The game lasted 00:07:21 (2294 turns).

Hasart the Chiller (Demonspawn Ice Elementalist)    Turns: 2294, Time: 00:07:22

Health: -2/41      AC:  2    Str: 11    XL:     6   Next: 31%
Magic:  11/11      EV: 12    Int: 18    God:
Gold:   50         SH:  0    Dex: 13    Spells: 4/12 levels left

rFire    + . .     SeeInvis .   f - +1 scythe (slice)
rCold    . . .     Gourm    .   (shield currently unavailable)
rNeg     . . .     Faith    .   a - +0 robe
rPois    .         Spirit   .   (helmet restricted)
rElec    .         Reflect  .   (no cloak)
rCorr    .         Harm     .   (no gloves)
MR       .....                  (no boots)
Stlth    +++.......             (no amulet)
Regen    0.2/turn               (no ring)
MPRegen  0.2/turn               (no ring)

@: flying
A: horns 1, fire resistance 1, nightstalker 1, strong 1, wild magic 1
a: no special abilities


You were on level 2 of the Dungeon.
You were not hungry.

You visited 1 branch of the dungeon, and saw 2 of its levels.

You collected 50 gold pieces.

Inventory:

Hand Weapons
 e - a +0 whip
 f - a +1 scythe of slicing (weapon)
Armour
 a - a +0 robe (worn)
Scrolls
 h - 3 scrolls of recharging
 i - 2 scrolls of identify
 j - a scroll of fog
Potions
 k - a potion of might
 n - a potion of flight
Books
 b - a book of Frost

   Spells                             Type                      Level
   a - Freeze                         Ice                          1
   b - Throw Frost                    Conjuration/Ice              2
   c - Ozocubu's Armour               Charms/Ice                   3
   d - Throw Icicle                   Conjuration/Ice              4
   e - Summon Ice Beast               Ice/Summoning                4
Comestibles
 c - 2 bread rations
 d - a meat ration
 l - a chunk of flesh


   Skills:
 - Level 1.7 Dodging
 - Level 1.7 Stealth
 + Level 3.9 Spellcasting
 - Level 1.0 Conjurations
 * Level 5.5 Ice Magic


You had 4 spell levels left.
You knew the following spells:

 Your Spells              Type           Power        Failure   Level  Hunger
a - Freeze                Ice            ####         3%          1    None
b - Ozocubu's Armour      Chrm/Ice       ###.....     21%         3    ###....
c - Throw Icicle          Conj/Ice       ###.....     45%         4    ####...


Dungeon Overview and Level Annotations

Branches:
Dungeon (2/15)

Altars:

Annotations:
D:2 Robin


Innate Abilities, Weirdness & Mutations

You have a pair of small horns on your head.
Your flesh is heat resistant. (rF+)
You are slightly more attuned to the shadows.
Your muscles are strong. (Str +2)
Your spells are a little harder to cast, but a little more powerful.


Message History

The goblin hits you but does no damage.
Unknown command.
As you read the scroll labeled UTU COESE BIUTH, it crumbles to dust.
The scroll dissolves into smoke.
It was a scroll of fog.
The hobgoblin no longer looks unusually strong.
The goblin hits you with a club.
* * * LOW HITPOINT WARNING * * *
The goblin closely misses you.
Robin roars a battlecry!
The hobgoblin goes into a battle-frenzy!
The quokka closely misses you. The hobgoblin hits you with a club.
* * * LOW HITPOINT WARNING * * *
The goblin hits you but does no damage.
Unknown command.
As you read the scroll labeled QOPTIBR BUYHI, it crumbles to dust.
It is a scroll of identify.
h - 3 scrolls of recharging The goblin closely misses you. x2; The quokka barely misses you.
The hobgoblin barely misses you. The goblin hits you with a dagger.
You die...

#...##.).## ♣♣##.# #.##
..#.#..)..# #.###.## #
#.#.....################..##.##
...........................#.##
...#......g...............#....)
##.#.......................##.#.
. #.>.(...#...g†........#.##.##
.........##ggg###......#.##.##
.....#.....gg@g§..............
............r####............#
......................#).....
###........###.#######.#...
#..........#.........<..#
#...#............###....#
.................#####[#
...........# #.# ...........#
#.#


You could see Robin, a quokka, 3 hobgoblins and 4 goblins.

Vanquished Creatures
  Sigmund (D:2)
  Jessica (D:2)
  Terence (D:2)
  Natasha (thrice) (D:2)
  An adder (D:2)
  An ooze (D:1)
  A worm (D:1)
  11 bats
  A giant cockroach (D:1)
  8 hobgoblins
  3 jackals (D:1)
  A quokka (D:1)
  4 frilled lizards
  8 goblins
  3 kobolds (D:1)
  4 rats
52 creatures vanquished.

Notes
Turn   | Place    | Note
-------+----------+-------------------------------------------
     0 | D:1      | Hasart the Demonspawn Ice Elementalist began the quest for the Orb.
     0 | D:1      | Reached XP level 1. HP: 13/13 MP: 3/3
   307 | D:1      | Reached skill level 3 in Ice Magic
   307 | D:1      | Gained mutation: You have a pair of small horns on your head. [demonic ancestry]
   307 | D:1      | Reached XP level 2. HP: 12/19 MP: 0/5
   937 | D:1      | Gained mutation: You are slightly more attuned to the shadows. [demonic ancestry]
   937 | D:1      | Reached XP level 3. HP: 22/24 MP: 0/6
  1344 | D:2      | Noticed Terence
  1382 | D:2      | Noticed Natasha
  1394 | D:2      | Killed Natasha
  1400 | D:1      | Gained mutation: Your flesh is heat resistant. (rF+) [demonic ancestry]
  1400 | D:1      | Reached XP level 4. HP: 8/30 MP: 0/8
  1634 | D:2      | Noticed Sigmund
  1641 | D:2      | Gained mutation: Your muscles are strong. (Str +2) [potion of mutation]
  1641 | D:2      | Gained mutation: Your spells are a little harder to cast, but a little more powerful. [potion of mutation]
  1658 | D:2      | Killed Sigmund
  1658 | D:2      | Reached skill level 5 in Ice Magic
  1658 | D:2      | Reached XP level 5. HP: 21/35 MP: 0/10
  1668 | D:2      | Learned a level 3 spell: Ozocubu's Armour
  1673 | D:2      | Learned a level 4 spell: Throw Icicle
  1742 | D:2      | Noticed Natasha
  1753 | D:2      | Killed Natasha
  1974 | D:2      | Killed Terence
  1974 | D:2      | Reached XP level 6. HP: 23/41 MP: 4/11
  2178 | D:2      | Noticed Jessica
  2184 | D:2      | Noticed Natasha
  2206 | D:2      | Killed Natasha
  2237 | D:2      | Killed Jessica
  2271 | D:2      | Noticed Robin
  2293 | D:2      | HP: 2/41 [hobgoblin/club[Robin] (1)]
  2294 | D:2      | Slain by a goblin

Skill      XL: |  1  2  3  4 |
---------------+-------------+-----
Ice Magic      | 3 5 |  5.5
Spellcasting   | 3 |  3.9
Dodging        | |  1.7
Stealth        | |  1.7
Conjurations   | |  1.0

Action                   |  1- 3 |  4- 6 || total
-------------------------+-------+-------++-------
Melee: Whip              |    20 |     5 ||    25
       Unarmed           |     2 |       ||     2
       Headbutt          |     5 |     1 ||     6
       Scythe            |       |    14 ||    14
 Cast: Freeze            |    49 |    30 ||    79
  Use: Potion            |       |     5 ||     5
       Scroll            |       |     3 ||     3
 Stab: Sleeping          |     1 |       ||     1
  Eat: Chunk             |     2 |     3 ||     5
Armor: Robe              |    20 |    18 ||    38
Dodge: Dodged            |    54 |    83 ||   137
